 Dungeon Crawl Stone Soup version 0.31-a0-267-g3fc6992b3b (webtiles) character file.

Game seed: 12114728356711996849

2 British0li the Sneak (level 1, 0/18 HPs)
             Began as a Demonspawn Delver on July 14, 2023.
             Splashed by a jelly's acid (8 damage)
             ... on level 4 of the Dungeon.
             The game lasted 00:00:19 (44 turns).

British0li the Sneak (Demonspawn Delver)              Turns: 44, Time: 00:00:19

Health: 0/18       AC: -5    Str: 12    XL:     1   Next: 33%
Magic:  1/1        EV: 11    Int: 11    God:
Gold:   0          SH:  0    Dex: 14    Spells: 0/0 levels left

rFire   . . .        a - +0 falchion
rCold   . . .        (no shield)
rNeg    . . .        b - +0 leather armour
rPois   .            (no helmet)
rElec   .            (no cloak)
rCorr   .            (no gloves)
SInv    .            (no boots)
Will    .....        (no amulet)
Stlth   ++           (no ring)
HPRegen 0.23/turn    (no ring)
MPRegen 0.07/turn

%: no passive effects
@: corroded
A: no striking features
a: no special abilities


You were on level 4 of the Dungeon.
You visited 1 branch of the dungeon, and saw 2 of its levels.

Inventory:

Hand Weapons
 a - a +0 falchion (weapon)
Armour
 b - a +0 leather armour (worn)
Wands
 g - a wand of digging (3)
Scrolls
 c - a scroll of fog
 e - a scroll of fear
Potions
 f - a potion of haste


   Skills:
 + Level 3.0 Fighting
 + Level 1.8 Long Blades
 + Level 1.8 Dodging
 + Level 4.5 Stealth


You couldn't memorise any spells.
You didn't know any spells.
Your spell library was empty.

Dungeon Overview and Level Annotations

Branches:
Dungeon (5/15)
 Temple: D:4-7

Altars:
Ashenzari

Portals:
Sewer: D:4

Annotations:
D:5 Sigmund


Message History

Found a falchion and a bronze wand.
There is a stone staircase leading down here.
As you read the scroll of revelation, it crumbles to dust.
You feel aware of your surroundings.
You sensed 1 shop/portal. 2 kobolds come into view.
A kobold is wielding a +0 dagger and quivering poisoned darts.
A kobold is wielding a +0 dagger of freezing.
The goblin shouts!
The goblin hits you but does no damage.
A jelly comes into view.
You closely miss the goblin. The goblin closely misses you.
You hit the goblin.
You kill the goblin!
No target in view!
No target in view!
No target in view!
No target in view!
A jelly is nearby!
You hit the kobold but do no damage. The kobold hits you but does no damage.
You hit the kobold.
You kill the kobold!
No target in view!
No target in view!
Things that are here:
a +0 dagger; 3 poisoned darts A jelly is nearby!
A ball python comes into view.
Found a glowing drain.
An orc comes into view. It is wielding a +1 whip of flaming.
You barely miss the jelly. The jelly hits you.
You are splashed with acid.
The jelly closely misses you.
The orc shouts!
You hit the jelly. The acid corrodes you!
Your hands burn!
The jelly is lightly wounded.
The jelly barely misses you.
You are too injured to fight recklessly!
You are too injured to fight recklessly!
You are too injured to fight recklessly!
The jelly attacks as you move away! The jelly hits you. The acid corrodes you!
You are splashed with acid!
You die...

###)......####..#,***** *,,,*
#...#####.###..#*,,,>,*** *,,**
#.#######..##.#******,,,*****,,*
..########.)..# ***,,,*,,,**
########......# ****,,,,,,**
***#.###.o### *,,,,>,,*,,,
**,...* ##...# *,,,,,,,,,,,
**..##** ###J## *,,,,,*,***,
***,.** ****#.@#****,,,,,,,*,,,
*,,,** #...........#,,,,,,,,**
*,*** #.##~~S~~##...,*,****** ,,*
*,*#~~.~≈#*,*,**,* * ,**
***,~≈.....≈~,,,,,,* * **
*,,,~~.~...~≈,,*,*** *
*********,,.~~..∩..~~.,*,* *
,,,,,,,,,,#.~~.....~~..*,* ****
,,,,,,,,,,,,~~,,,~,~~,,,,*****,,,


You could see a jelly, an orc and a ball python.

Vanquished Creatures
  A goblin (D:4)
  A kobold (D:4)
2 creatures vanquished.

Notes
Turn   | Place    | Note
-------+----------+-------------------------------------------
     0 | D:5      | British0li the Demonspawn Delver began the quest for the
                  | Orb.
     0 | D:5      | Reached XP level 1. HP: 18/18 MP: 1/1
     0 | D:5      | Noticed Sigmund
     1 | D:5      | Found a broken altar of Ashenzari.
    20 | D:4      | Noticed a jelly
    36 | D:4      | Found a glowing drain.
    44 | D:4      | Splashed by a jelly's acid

Illustrated notes

Levels and vault maps discovered:
D:4:      layout_rooms, cheibrodos_sewer_entry_sluice,
          chequers_serial_rivers_micro_d
D:5:      layout_basic, grunt_temple_overflow_open, uniq_menkaure, uniq_sigmund

Action                     || total
---------------------------++-------
  Melee: Falchion          ||     6
    Use: Scroll            ||     1
 Armour: Leather armour    ||     2
  Dodge: Dodged            ||     3

Table legend: (Time is in decaauts)
 A = Elapsed time spent in this place.
 B = Non-inter-level travel time spent in this place.
 C = Inter-level travel time spent in this place.
 D = Time resting spent in this place.
 E = Time spent auto-exploring this place.
 F = Levels seen in this place.
 G = Mean time per level.
                   A        B        C        D        E       F      G
               +--------+--------+--------+--------+--------+-----+--------+
         Total |     45 |     41 |      4 |      0 |      0 |   2 |   22.5 |
       Dungeon |     45 |     41 |      4 |      0 |      0 |   2 |   22.5 |
               +--------+--------+--------+--------+--------+-----+--------+

Top non-repeatable levels by time:
     D:4: 29 daAuts
     D:5: 16 daAuts
